 Dungeon Crawl Stone Soup version 0.31.0-9-g3a7656b989 (webtiles) character file.

Game seed: 2809957783049007765

104 qw the Shooter (level 4, -1/22 HPs)
             Began as a Spriggan Hunter on Feb 2, 2024.
             Slain by an orc wizard
             ... wielding a +0 dagger
              (3 damage)
             ... on level 3 of the Dungeon.
             The game lasted 00:00:04 (1568 turns).

qw the Shooter (Spriggan Hunter)                    Turns: 1568, Time: 00:00:05

Health: -1/22      AC:  2    Str:  7    XL:     4   Next: 52%
Magic:  5/5        EV: 20    Int: 10    God:
Gold:   76         SH:  0    Dex: 20    Spells: 3/3 levels left

rFire   . . .        a - +0 shortbow
rCold   . . .        (shield currently unavailable)
rNeg    . . .        c - +0 robe
rPois   .            (helmet restricted)
rElec   .            (no cloak)
rCorr   .            (gloves unavailable)
SInv    +            (boots unavailable)
Will    .....        (no amulet)
Stlth   ++           (no ring)
HPRegen 0.23/turn    (no ring)
MPRegen 0.09/turn

%: no passive effects
@: very quick
A: very small, no large weapons, unfitting armour, see invisible, speed 3
a: no special abilities


You were on level 3 of the Dungeon.
You visited 1 branch of the dungeon, and saw 3 of its levels.

You collected 76 gold pieces.


Innate Abilities, Weirdness & Mutations

You are very small and have problems with some larger weapons.
You are too small for most types of armour.
You have supernaturally acute eyesight. (SInv)
You cover ground extremely quickly. (Speed+++)


   Skills:
 - Level 1.5 Fighting
 - Level 5.1 Ranged Weapons
 + Level 4.8 Dodging
 - Level 1.5 Stealth


You had 3 spell levels left.
You didn't know any spells.
Your spell library was empty.

Inventory:

Hand Weapons
 a - a +0 shortbow (weapon)
Armour
 c - a +0 robe (worn)
 e - a +0 cloak
Jewellery
 d - an amulet of faith
Scrolls
 f - a scroll of immolation {unknown}
 i - a scroll of blinking {unknown}
Potions
 b - a potion of enlightenment {unknown}
 g - a potion of curing {unknown}
 h - a potion of haste
 k - a potion of resistance {unknown}

Dungeon Overview and Level Annotations

Branches:
Dungeon (3/15)

Altars:
Sif Muna

Shops:
D:2 =


Message History

You hear a shout! x2
The gnoll hits you with a +0 flail.
You hear a shout!
An orc comes into view. It is wielding a +0 falchion.
You shoot an arrow. The arrow closely misses the gnoll.
The arrow closely misses the orc wizard.
The gnoll completely misses you.
A hobgoblin comes into view.
You shoot an arrow. The arrow hits the gnoll.
The gnoll is heavily wounded.
The gnoll completely misses you.
An orc comes into view. It is wielding a +0 flail.
You shoot an arrow. The arrow hits the gnoll.
The gnoll is almost dead.
The gnoll hits you with a +0 flail!
Ouch! That really hurt!
You shoot an arrow. The arrow hits the gnoll.
You kill the gnoll!
The orc wizard gestures wildly while chanting.
The orc wizard flickers and vanishes for a moment.
You shoot an arrow. The arrow hits the orc wizard.
The orc wizard is lightly wounded.
The orc wizard hits you but does no damage.
You shoot an arrow. The arrow hits the orc wizard.
The orc wizard is moderately wounded.
You shoot an arrow. The arrow hits the orc!
You kill the orc!
You shoot an arrow.
The arrow closely misses the orc wizard.
The arrow hits the hobgoblin.
The hobgoblin is almost dead.
The orc wizard hits you with a +0 dagger.
You shoot an arrow. The arrow hits the orc wizard.
The orc wizard is severely wounded.
The orc wizard misses you.
You shoot an arrow. The arrow barely misses the orc wizard.
The arrow hits the hobgoblin.
You kill the hobgoblin!
The orc wizard hits you with a +0 dagger.
You die...

#.# #.# #.# #.#
#.######%#
#.#......#######
#.#.##.........#
#.# #.........#
#.# +.........#
#.........####..<
#######.#@o%oo.)#
#.#.###.).. #.#.#
.# #.#.# #.#.#
..... #.#.? #.#


You could see an orc wizard (invisible) and 2 orcs.

Vanquished Creatures
  An iguana (D:3)
  3 gnolls (D:3)
  An adder (D:2)
  A dart slug (D:1)
  2 orcs (D:3)
  An endoplasm (D:2)
  3 giant cockroaches
  4 goblins
  7 hobgoblins
  A quokka (D:1)
  3 ball pythons
  2 bats
  3 frilled lizards
  4 kobolds
  4 rats
40 creatures vanquished.

Notes
Turn   | Place    | Note
-------+----------+-------------------------------------------
     0 | D:1      | qw the Spriggan Hunter began the quest for the Orb.
     0 | D:1      | Reached XP level 1. HP: 10/10 MP: 2/2
     0 | D:1      | 0 ||| qw: Version: 0.3-a-155-g5e7d8dd
     0 | D:1      | 0 ||| qw: Game counter: 1370
     0 | D:1      | 0 ||| qw: Melee chars always use a shield: true
     0 | D:1      | 0 ||| qw: God list: Okawaru
     0 | D:1      | 0 ||| qw: Allow faded altars: false
     0 | D:1      | 0 ||| qw: Do Orc after clearing Dungeon:15 true
     0 | D:1      | 0 ||| qw: Do second Lair branch before Depths: true
     0 | D:1      | 0 ||| qw: Lair rune preference: random
     0 | D:1      | 0 ||| qw: Goals: Normal
     0 | D:1      | 0 ||| PLANNING D:1-11
    56 | D:1      | Reached skill level 3 in Dodging
   409 | D:1      | Reached XP level 2. HP: 14/14 MP: 3/3
   914 | D:1      | 914 ||| READING scroll labelled MOEC UC YDUSTRU.
   917 | D:1      | 917 ||| READING 3 scrolls labelled ROFOFFIKLU.
   917 | D:1      | 917 ||| IDENTIFYING clear potion
   918 | D:1      | 918 ||| READING 2 scrolls of identify.
   918 | D:1      | 918 ||| IDENTIFYING fuming white potion
   919 | D:1      | 919 ||| READING scroll of identify.
   919 | D:1      | 919 ||| IDENTIFYING metallic brown potion
   920 | D:1      | 920 ||| READING scroll labelled TOAFOTA CEETI.
  1021 | D:1      | 1021 ||| READING 2 scrolls labelled ASTRIM KASS.
  1022 | D:1      | 1022 ||| DROPPING scroll of butterflies.
  1023 | D:1      | 1023 ||| DROPPING scroll of noise.
  1024 | D:1      | 1024 ||| DROPPING potion of berserk rage.
  1025 | D:1      | 1025 ||| DROPPING potion of magic.
  1269 | D:2      | Found Qabismez's Jewellery Emporium.
  1278 | D:2      | 1278 ||| SHOPLISTING +4 ring of protection (360 gold, have
                  | 76).
  1278 | D:2      | 1278 ||| SHOPLISTING +5 ring of evasion (360 gold, have
                  | 76).
  1278 | D:2      | 1278 ||| SHOPLISTING amulet of the Barracuda {RegenMP rN+
                  | rCorr Slay+5} (678 gold, have 76).
  1278 | D:2      | 1278 ||| SHOPLISTING ring of fire (250 gold, have 76).
  1278 | D:2      | 1278 ||| SHOPLISTING ring of protection from cold (250
                  | gold, have 76).
  1278 | D:2      | 1278 ||| SHOPLISTING ring of resist corrosion (200 gold,
                  | have 76).
  1298 | D:2      | Found a shimmering blue altar of Sif Muna.
  1357 | D:2      | Reached XP level 3. HP: 18/18 MP: 4/4
  1517 | D:2      | You fall into a shaft and drop 1 floor!
  1534 | D:3      | Reached skill level 5 in Ranged Weapons
  1534 | D:3      | Reached XP level 4. HP: 22/22 MP: 5/5
  1561 | D:3      | HP: 3/22 [gnoll/+0 flail (12)]
  1566 | D:3      | HP: 1/22 [orc wizard/+0 dagger (3)]
  1568 | D:3      | Slain by an orc wizard

Levels and vault maps discovered:
D:1:      heliophobic_arrival_glass_houses, layout_basic, nicolae_eternal_life
D:2:      layout_basic, serial_shops, nicolae_lakefront_shop,
          hellmonk_ecumenical_altar_heavens_door, basic_altar
D:3:      layout_basic, serial_shops, nicolae_shop_gaudy_bauble

Skill      XL: |  1  2  3 |
---------------+----------+-----
Dodging        | 3 4 |  4.8
Ranged Weapons | 5 |  5.1
Fighting       | |  1.5
Stealth        | |  1.5

Action                     |  1- 3 |  4- 6 || total
---------------------------+-------+-------++-------
   Fire: Shortbow          |    99 |    25 ||   124
    Use: Scroll            |     6 |       ||     6
 Armour: Robe              |    10 |     6 ||    16
  Dodge: Dodged            |    42 |     6 ||    48

Table legend:
 A = Non-vault XP
 B = Vault XP
 C = Vault XP percentage of total XP
 D = Non-vault monster count
 E = Vault monster count
 F = Vault count percentage of total count
                 A         B        C        D         E       F
            +---------+---------+-------+---------+---------+-------
      Total |     151 |       0 |   0.0 |      40 |       0 |   0.0
            +---------+---------+-------+---------+---------+-------
        D:1 |      26 |       0 |   0.0 |      16 |       0 |   0.0
        D:2 |      35 |       0 |   0.0 |      15 |       0 |   0.0
        D:3 |      90 |       0 |   0.0 |       9 |       0 |   0.0
            +---------+---------+-------+---------+---------+-------
